 Dungeon Crawl Stone Soup version 0.20-a0-277-g7db01f4 (webtiles) character file.

1283 Leibowitz the Cutter (level 8, -10/66 HPs)
             Began as a Demigod Gladiator on Dec 13, 2016.
             Killed by nerve-wracking pain
             ... invoked by a shadow imp
              (14 damage)
             ... on level 5 of the Dungeon.
             The game lasted 00:14:36 (5337 turns).

Leibowitz the Cutter (Demigod Gladiator)            Turns: 5337, Time: 00:14:37

Health: -10/66     AC:  6    Str: 18    XL:     8   Next: 8%
Magic:  10/10      EV: 15    Int: 12    God:
Gold:   149        SH:  0    Dex: 20    Spells: 7/7 levels left

rFire  . . .     SeeInvis .     a - +1 rapier
rCold  + . .     Gourm    .     m - +2 robe {rC+}
rNeg   . . .     Faith    .     (no shield)
rPois  .         Spirit   .     c - +0 helmet
rElec  .         Reflect  .     (no cloak)
rCorr  .         Harm     .     e - +0 pair of gloves
MR     .....                    (no boots)
Stlth  +++.......               (no amulet)
                                (no ring)
                                (no ring)

@: slowed, very slow
A: high mp 1
a: no special abilities


You were on level 5 of the Dungeon.
You were very hungry.

You visited 1 branch of the dungeon, and saw 5 of its levels.

You collected 149 gold pieces.

Inventory:

Hand Weapons
 a - a +1 rapier (weapon)
Missiles
 k - 2 throwing nets
 y - a javelin (quivered)
Armour
 c - a +0 helmet (worn)
 e - a +0 pair of gloves (worn)
 m - a +2 robe of cold resistance (worn)
Scrolls
 g - a scroll of teleportation
 h - 2 scrolls of enchant weapon
 j - 5 scrolls of identify
 n - a scroll of recharging
 q - a scroll of amnesia
Books
 t - a book of Minor Magic

   Spells                             Type                      Level
   a - Magic Dart                     Conjuration                  1
   b - Blink                          Translocation                2
   c - Call Imp                       Summoning                    2
   d - Repel Missiles                 Charms/Air                   2
   e - Slow                           Hexes                        2
   f - Conjure Flame                  Conjuration/Fire             3
   g - Mephitic Cloud                 Conjuration/Poison/Air       3
Comestibles
 f - 5 bread rations
 o - a meat ration


   Skills:
 + Level 3.8 Fighting
 + Level 6.1 Short Blades
 + Level 1.9 Throwing
 + Level 2.6 Armour
 + Level 4.0 Dodging
 * Level 5.1 Stealth


You had 7 spell levels left.
You didn't know any spells.

Dungeon Overview and Level Annotations

Branches:
Dungeon (5/15)             Temple (0/1) D:4


Innate Abilities, Weirdness & Mutations

You have an increased reservoir of magic. (+10% MP)


Message History

* * * LOW HITPOINT WARNING * * *
You puncture the gnoll!
You kill the gnoll!
The gnoll hits you with a flail!
* * * LOW HITPOINT WARNING * * *
The shadow imp shouts, "Turn tail, thou horrid kobold-kissing urchin!"
The shadow imp hits you but does no damage.
Unknown command.
You feel better. The gnoll hits you but does no damage.
The shadow imp closely misses you. The gnoll closely misses you.
The shadow imp gestures at you. Pain shoots through your body!
* * * LOW HITPOINT WARNING * * *
It was a potion of cure mutation.
It has a very clean taste.
The shadow imp misses you. The gnoll closely misses you.
You hit the gnoll.
The gnoll is lightly wounded.
The shadow imp gestures at you. Pain shoots through your body!
You die...

# ##.#..## #.... # #....#
###..... ##
##...####......##.. ##
#................# ..##
##................#
#..##.......#..........
#..#...............#..
##............)g....#
###....#........@†.# .##
.................5.###...
.........................
...............[........ .
##........................
#...................##....
..........................
................≈.........
.≈≈.≈≈.≈≈.≈≈≈≈.≈.≈≈≈.≈.≈≈.


You could see a gnoll and a shadow imp.

Vanquished Creatures
  Sigmund (D:2)
  Duvessa (D:4)
  2 ice beasts
  A sky beast (D:5)
  A phantom (D:4)
  An ogre (D:4)
  2 big kobolds (D:4)
  Dowan (D:4)
  An iguana (D:5)
  2 orc wizards
  2 worker ants (D:4)
  6 gnolls
  11 adders
  2 worms (D:3)
  3 dart slugs
  4 leopard geckos
  16 orcs
  4 giant cockroaches
  13 goblins
  8 hobgoblins
  3 jackals (D:5)
  A quokka (D:4)
  3 ball pythons
  A ball python skeleton (D:4)
  7 bats
  6 frilled lizards
  13 kobolds
  2 rats (D:1)
118 creatures vanquished.

Notes
Turn   | Place    | Note
-------+----------+-------------------------------------------
     0 | D:1      | Leibowitz the Demigod Gladiator began the quest for the Orb.
     0 | D:1      | Reached XP level 1. HP: 17/17 MP: 3/3
   106 | D:1      | Reached skill level 1 in Stealth
   123 | D:1      | Reached XP level 2. HP: 21/24 MP: 4/4
   199 | D:1      | Reached skill level 3 in Short Blades
   603 | D:2      | Reached XP level 3. HP: 29/29 MP: 5/5
   733 | D:2      | Noticed Sigmund
   755 | D:2      | HP: 1/29 [something/magic dart (7)]
   980 | D:3      | Found a stormy altar of Qazlal.
  1127 | D:3      | Noticed an ice beast
  1162 | D:3      | Reached XP level 4. HP: 6/36 MP: 6/6
  1175 | D:3      | Killed an ice beast
  1175 | D:3      | Reached skill level 1 in Armour
  1175 | D:3      | Reached XP level 5. HP: 9/41 MP: 7/7
  1440 | D:3      | Reached skill level 4 in Short Blades
  2523 | D:4      | Noticed Duvessa
  2524 | D:4      | Noticed Dowan
  2701 | D:2      | Killed Sigmund
  2701 | D:2      | Reached XP level 6. HP: 46/50 MP: 8/8
  3282 | D:4      | Found an iron altar of Okawaru.
  3626 | D:4      | Reached skill level 5 in Short Blades
  3626 | D:4      | Reached XP level 7. HP: 57/57 MP: 9/9
  4083 | D:4      | Found a staircase to the Ecumenical Temple.
  4162 | D:4      | Killed Duvessa
  4183 | D:4      | Killed Dowan
  4470 | D:5      | Entered Level 5 of the Dungeon
  4838 | D:5      | Reached skill level 6 in Short Blades
  4838 | D:5      | Reached skill level 5 in Stealth
  5303 | D:5      | Reached XP level 8. HP: 66/66 MP: 10/10
  5335 | D:5      | HP: 3/66 [shadow imp/nerve-wracking pain (10)]
  5337 | D:5      | Killed from afar by a shadow imp

Vault maps used:
D:1:      mrwooster_arrival_statue_3, minmay_misc_feat_tower
D:2:      uniq_sigmund
D:3:      first_bread, nicolae_qazlal_general_emergency
D:4:      cheibrodos_thug_alley, okawaru_trees_1, uniq_duvessa
D:5:      minmay_goblin_kobold_castle

Skill      XL: |  1  2  3  4  5  6  7 |
---------------+----------------------+-----
Stealth        | 1 2 3 4 5 |  5.1
Short Blades   | 3 4 5 6 |  6.1
Dodging        | 3 4 |  4.0
Fighting       | 2 3 |  3.8
Armour         | 1 2 |  2.6
Throwing       | |  1.9

Action                   |  1- 3 |  4- 6 |  7- 9 || total
-------------------------+-------+-------+-------++-------
Melee: Rapier            |   107 |   195 |   168 ||   470
Throw: Javelin           |     2 |     1 |     2 ||     5
       Throwing net      |       |     3 |     2 ||     5
  Use: Potion            |     2 |     1 |     4 ||     7
       Scroll            |       |       |    13 ||    13
 Stab: Sleeping          |     3 |    10 |     2 ||    15
       Invisible         |     1 |       |       ||     1
       Held in net/web   |       |     3 |       ||     3
  Eat: Chunk             |     1 |     8 |     4 ||    13
Armor: Leather armour    |    21 |    35 |    20 ||    76
       Robe              |       |       |    20 ||    20
Dodge: Dodged            |    53 |   101 |   145 ||   299
